General information
- name: BNet
- type: Ladder team game (AT/RT)
- host: Battle.net
- saver: HelloFlamechamp
map: Deadlock
- players: 8
- length: 103:44
- speed: Fast
- version: 1.26 W3XP
- replay type: Public
» download(359 KB)
Players
team 1 (loser)
TomBingley (
green | 42 APM | 1255 actions | 29:38)
5 Archmage
3 Summon Water Elemental
2 Brilliance Aura
4 Paladin
2 Holy Light
2 Divine Shield
» actions
| Assign group hotkey | 24 | |
| Basic commands | 14 | |
| Build / train | 92 | |
| Enter build submenu | 34 | |
| Enter hero's abilities submenu | 9 | |
| Right click | 399 | |
| Select / deselect | 437 | |
| Select group hotkey | 161 | |
| Use ability | 85 | |
1255 total
» units
| Peasant | 18 | |
| Rifleman | 18 | |
| Priest | 7 | |
| Sorceress | 5 | |
| Spell Breaker | 2 | |
| Mortar Team | 3 | |
| Knight | 1 | |
54 total
» upgrades
| Gunpowder | 3 | |
| Armor | 2 | |
| Lumber Harvesting | 2 | |
| Sorceress Training | 2 | |
| Priest Training | 2 | |
| Long Rifles | 1 | |
| Fragmentation Shards | 1 | |
| Flare | 1 | |
| Magic Sentry | 1 | |
15 total
» buildings
| Altar of Kings | 2 | |
| Farm | 11 | |
| Blacksmith | 1 | |
| Barracks | 1 | |
| Scout Tower | 3 | |
| Lumber Mill | 1 | |
| Town Hall | 3 | |
| Arcane Vault | 2 | |
| Keep | 1 | |
| Guard Tower | 3 | |
| Arcane Sanctum | 2 | |
| Castle | 1 | |
| Workshop | 2 | |
33 total
» build order
00:11 Altar of Kings
00:14 Farm
00:17 Blacksmith
01:22 Barracks
01:28 Farm
02:10 Scout Tower
02:33 Farm
02:42 Lumber Mill
03:25 Farm
04:19 Town Hall
04:37 Arcane Vault
04:39 Scout Tower
04:42 Scout Tower
05:12 Keep
05:33 Guard Tower
06:17 Farm
06:26 Guard Tower
06:27 Guard Tower
07:39 Arcane Sanctum
08:12 Arcane Sanctum
09:05 Farm
09:47 Farm
10:03 Castle
11:43 Farm
13:19 Farm
13:24 Arcane Vault
14:16 Farm
16:29 Workshop
16:57 Workshop
17:52 Farm
23:42 Town Hall
27:52 Town Hall
28:09 Altar of Kings
» items
| Healing Salve | 1 | |
| Orb of Fire | 3 | |
| Staff of Sanctuary | 1 | |
| Scroll of Town Portal | 2 | |
7 total
Foll0w (
pink | 92 APM | 2742 actions | 29:56)
7 Blademaster
3 Wind Walk
3 Critical Strike
1 Bladestorm
5 Tauren Chieftain
2 Endurance Aura
3 War Stomp
2 Shadow Hunter
1 Healing Wave
1 Hex
» actions
| Assign group hotkey | 21 | |
| Basic commands | 19 | |
| Build / train | 98 | |
| Enter build submenu | 45 | |
| Enter hero's abilities submenu | 15 | |
| Give item / drop item | 1 | |
| Right click | 1278 | |
| Select / deselect | 288 | |
| Select group hotkey | 805 | |
| Use ability | 172 | |
2742 total
» units
| Peon | 28 | |
| Grunt | 3 | |
| Troll Batrider | 9 | |
| Troll Witch Doctor | 2 | |
| Wind Rider | 4 | |
46 total
» upgrades
| Spiked Barricades | 2 | |
| Reinforced Defenses | 1 | |
| Liquid Fire | 1 | |
| Witch Doctor Training | 1 | |
| Ranged Weapons | 2 | |
| Armor | 1 | |
8 total
» buildings
| Orc Burrow | 6 | |
| Altar of Storms | 1 | |
| Barracks | 1 | |
| Voodoo Lounge | 3 | |
| Stronghold | 1 | |
| Great Hall | 2 | |
| War Mill | 3 | |
| Fortress | 1 | |
| Beastiary | 3 | |
| Watch Tower | 23 | |
| Spirit Lodge | 1 | |
45 total
» build order
00:20 Orc Burrow
00:35 Altar of Storms
00:50 Barracks
01:34 Orc Burrow
01:55 Voodoo Lounge
03:36 Stronghold
04:29 Great Hall
04:41 Orc Burrow
05:01 War Mill
06:45 Fortress
07:09 Beastiary
07:49 Watch Tower
07:49 Watch Tower
07:50 Watch Tower
08:07 Beastiary
08:09 Beastiary
08:42 Watch Tower
08:43 Watch Tower
08:55 Watch Tower
09:53 Great Hall
11:19 Voodoo Lounge
11:35 Orc Burrow
11:53 Orc Burrow
12:30 Watch Tower
13:16 Voodoo Lounge
13:25 Watch Tower
13:36 Watch Tower
14:04 Watch Tower
14:04 Watch Tower
14:08 War Mill
14:40 War Mill
16:02 Watch Tower
16:03 Watch Tower
16:27 Spirit Lodge
17:01 Watch Tower
17:28 Watch Tower
18:00 Watch Tower
18:02 Orc Burrow
18:32 Watch Tower
18:42 Watch Tower
18:45 Watch Tower
20:32 Watch Tower
20:33 Watch Tower
21:07 Watch Tower
27:48 Watch Tower
» items
| Healing Salve | 7 | |
| Staff of Teleportation | 3 | |
| Boots of Speed | 4 | |
| Periapt of Vitality | 3 | |
| Orb of Lightning | 3 | |
| Lesser Clarity Potion | 2 | |
| Potion of Mana | 1 | |
| Scroll of Town Portal | 2 | |
25 total
MeNeFrego (
yellow | 25 APM | 2612 actions | 103:43)
9 Death Knight
3 Death Coil
3 Unholy Aura
2 Death Pact
1 Animate Dead
» actions
| Assign group hotkey | 352 | |
| Basic commands | 165 | |
| Build / train | 60 | |
| Enter build submenu | 35 | |
| Enter hero's abilities submenu | 11 | |
| Give item / drop item | 1 | |
| Remove unit from queue | 4 | |
| Right click | 953 | |
| Select / deselect | 519 | |
| Select group hotkey | 397 | |
| Use ability | 115 | |
2612 total
» units
| Acolyte | 12 | |
| Ghoul | 5 | |
| Frost Wyrm | 11 | |
28 total
» upgrades
| Creature Attack | 3 | |
| Creature Carapace | 3 | |
| Freezing Breath | 1 | |
7 total
» buildings
| Crypt | 1 | |
| Ziggurat | 21 | |
| Altar of Darkness | 1 | |
| Graveyard | 2 | |
| Tomb of Relics | 2 | |
| Halls of the Dead | 1 | |
| Black Citadel | 1 | |
| Sacrificial Pit | 1 | |
| Boneyard | 5 | |
| Spirit Tower | 4 | |
| Necropolis | 1 | |
40 total
» build order
00:21 Crypt
00:23 Ziggurat
00:35 Altar of Darkness
01:35 Graveyard
02:24 Tomb of Relics
02:41 Ziggurat
03:03 Halls of the Dead
03:36 Ziggurat
06:51 Black Citadel
06:52 Ziggurat
06:53 Ziggurat
06:53 Ziggurat
07:00 Sacrificial Pit
08:14 Ziggurat
08:14 Ziggurat
08:15 Ziggurat
09:13 Boneyard
09:14 Boneyard
09:15 Boneyard
10:51 Spirit Tower
11:37 Graveyard
13:21 Necropolis
16:15 Ziggurat
16:16 Ziggurat
16:16 Ziggurat
16:17 Ziggurat
16:17 Ziggurat
16:18 Ziggurat
16:20 Ziggurat
17:21 Spirit Tower
17:27 Spirit Tower
17:29 Spirit Tower
17:42 Ziggurat
17:42 Ziggurat
17:43 Ziggurat
17:45 Ziggurat
17:46 Ziggurat
18:17 Tomb of Relics
18:52 Boneyard
18:55 Boneyard
» items
| Rod of Necromancy | 1 | |
| Boots of Speed | 1 | |
| Staff of Teleportation | 1 | |
| Orb of Corruption | 1 | |
| Scroll of Town Portal | 1 | |
5 total

»
CatTheWicked (
orange | 15 APM | 1593 actions | 103:43)
3 Keeper of the Grove
2 Entangling Roots
1 Force of Nature
2 Priestess of the Moon
1 Trueshot Aura
1 Searing Arrows
» actions
| Assign group hotkey | 56 | |
| Basic commands | 3 | |
| Build / train | 86 | |
| ESC pressed | 1 | |
| Enter build submenu | 23 | |
| Enter hero's abilities submenu | 5 | |
| Right click | 507 | |
| Select / deselect | 383 | |
| Select group hotkey | 465 | |
| Use ability | 64 | |
1593 total
» units
| Wisp | 21 | |
| Archer | 6 | |
| Huntress | 2 | |
| Hippogryph | 28 | |
| Dryad | 1 | |
| Faerie Dragon | 1 | |
| Chimaera | 6 | |
65 total
» upgrades
| Strength of the Wild | 2 | |
| Hippogryph Taming | 1 | |
| Abolish Magic | 1 | |
| Corrosive Breath | 1 | |
| Well Spring | 1 | |
| Reinforced Hides | 2 | |
8 total
» buildings
| Moon Well | 9 | |
| Altar of Elders | 1 | |
| Ancient of War | 1 | |
| Ancient of Wonders | 1 | |
| Tree of Ages | 1 | |
| Hunter's Hall | 1 | |
| Ancient of Wind | 2 | |
| Ancient of Lore | 1 | |
| Ancient Protector | 1 | |
| Tree of Eternity | 1 | |
| Chimaera Roost | 2 | |
| Tree of Life | 3 | |
24 total
» build order
00:13 Moon Well
00:27 Altar of Elders
01:09 Ancient of War
01:18 Moon Well
01:52 Ancient of Wonders
02:44 Moon Well
03:58 Moon Well
04:00 Tree of Ages
04:56 Moon Well
05:35 Hunter's Hall
07:10 Ancient of Wind
07:35 Ancient of Lore
08:21 Ancient Protector
08:48 Tree of Eternity
08:54 Moon Well
10:05 Moon Well
11:01 Moon Well
11:17 Chimaera Roost
12:28 Moon Well
12:49 Chimaera Roost
19:38 Tree of Life
22:20 Tree of Life
24:42 Ancient of Wind
29:15 Tree of Life
» items
| Moonstone | 2 | |
| Potion of Healing | 1 | |
| Scroll of Town Portal | 1 | |
4 total
team 2 (winner)

»
Medeia (
blue | 41 APM | 866 actions | 21:20)
3 Keeper of the Grove
2 Entangling Roots
1 Thorns Aura
2 Priestess of the Moon
1 Trueshot Aura
1 Searing Arrows
» actions
| Assign group hotkey | 55 | |
| Basic commands | 94 | |
| Build / train | 54 | |
| ESC pressed | 2 | |
| Enter build submenu | 19 | |
| Enter hero's abilities submenu | 5 | |
| Remove unit from queue | 1 | |
| Right click | 188 | |
| Select / deselect | 224 | |
| Select group hotkey | 174 | |
| Use ability | 49 | |
866 total
» units
| Wisp | 16 | |
| Archer | 4 | |
| Huntress | 2 | |
| Druid of the Talon | 12 | |
| Faerie Dragon | 3 | |
37 total
» upgrades
| Druid of the Talon Training | 2 | |
| Ultravision | 1 | |
| Well Spring | 1 | |
| Strength of the Wild | 1 | |
| Mark of the Talon | 1 | |
| Nature's Blessing | 1 | |
7 total
» buildings
| Altar of Elders | 2 | |
| Moon Well | 10 | |
| Ancient of War | 1 | |
| Ancient of Wonders | 2 | |
| Tree of Ages | 1 | |
| Hunter's Hall | 1 | |
| Ancient of Wind | 5 | |
| Tree of Eternity | 1 | |
23 total
» build order
00:29 Altar of Elders
00:40 Moon Well
01:05 Ancient of War
01:42 Ancient of Wonders
01:53 Moon Well
03:09 Tree of Ages
03:50 Hunter's Hall
04:33 Moon Well
06:01 Ancient of Wind
06:03 Ancient of Wind
06:07 Ancient of Wind
06:15 Ancient of Wind
07:08 Tree of Eternity
08:23 Moon Well
08:29 Moon Well
11:57 Ancient of Wind
13:24 Moon Well
15:59 Altar of Elders
17:54 Ancient of Wonders
19:29 Moon Well
19:32 Moon Well
19:34 Moon Well
19:35 Moon Well

»
yourowndevil (
purple | 20 APM | 298 actions | 14:35)
2 Paladin
1 Holy Light
1 Devotion Aura
» actions
| Basic commands | 14 | |
| Build / train | 55 | |
| Enter build submenu | 17 | |
| Enter hero's abilities submenu | 2 | |
| Right click | 72 | |
| Select / deselect | 112 | |
| Use ability | 26 | |
298 total
» units
» upgrades
| Backpack | 1 | |
| Lumber Harvesting | 2 | |
| Swords | 3 | |
| Plating | 3 | |
| Animal War Training | 1 | |
10 total
» buildings
| Farm | 9 | |
| Barracks | 2 | |
| Altar of Kings | 1 | |
| Lumber Mill | 1 | |
| Arcane Vault | 1 | |
| Town Hall | 1 | |
| Keep | 1 | |
| Blacksmith | 1 | |
| Castle | 2 | |
19 total
» build order
00:20 Farm
00:28 Farm
01:05 Barracks
01:10 Altar of Kings
02:16 Farm
02:24 Barracks
03:07 Farm
03:17 Lumber Mill
03:54 Arcane Vault
05:18 Town Hall
05:57 Keep
06:38 Blacksmith
06:48 Farm
08:33 Castle
08:33 Castle
08:44 Farm
09:33 Farm
10:56 Farm
12:46 Farm
HelloFlamechamp (
teal | 54 APM | 5558 actions | 103:44)
9 Blood Mage
3 Flame Strike
3 Siphon Mana
1 Summon Phoenix
2 Banish
» actions
| Assign group hotkey | 67 | |
| Basic commands | 110 | |
| Build / train | 326 | |
| ESC pressed | 6 | |
| Enter build submenu | 136 | |
| Enter hero's abilities submenu | 9 | |
| Give item / drop item | 5 | |
| Right click | 1331 | |
| Select / deselect | 1044 | |
| Select group hotkey | 2154 | |
| Use ability | 370 | |
5558 total
» units
| Peasant | 28 | |
| Footman | 12 | |
| Gryphon Rider | 3 | |
| Dragonhawk Rider | 21 | |
| Siege Engine | 3 | |
| Wisp | 4 | |
| Knight | 2 | |
| Sorceress | 1 | |
74 total
» upgrades
| Masonry | 4 | |
| Defend | 1 | |
| Lumber Harvesting | 2 | |
| Swords | 3 | |
| Animal War Training | 1 | |
| Armor | 3 | |
| Cloud | 1 | |
| Plating | 3 | |
| Gunpowder | 4 | |
| Barrage | 1 | |
| Storm Hammers | 1 | |
| Magic Sentry | 1 | |
| Sorceress Training | 2 | |
| Priest Training | 2 | |
| Control Magic | 1 | |
| Long Rifles | 1 | |
| Flak Cannons | 1 | |
| Flying Machine Bombs | 1 | |
| Fragmentation Shards | 1 | |
| Flare | 1 | |
| Backpack | 1 | |
36 total
» buildings
| Altar of Kings | 1 | |
| Barracks | 1 | |
| Farm | 10 | |
| Lumber Mill | 2 | |
| Arcane Vault | 3 | |
| Town Hall | 12 | |
| Scout Tower | 86 | |
| Arcane Tower | 10 | |
| Guard Tower | 139 | |
| Keep | 2 | |
| Blacksmith | 1 | |
| Castle | 3 | |
| Gryphon Aviary | 11 | |
| Workshop | 1 | |
| Arcane Sanctum | 1 | |
| Ancient Protector | 5 | |
| Cannon Tower | 2 | |
290 total
» build order
00:03 Altar of Kings
00:08 Barracks
00:12 Farm
00:51 Farm
01:30 Farm
02:50 Lumber Mill
03:00 Arcane Vault
03:35 Town Hall
03:52 Scout Tower
04:18 Scout Tower
04:19 Arcane Tower
04:19 Arcane Tower
04:19 Arcane Tower
04:27 Scout Tower
04:48 Guard Tower
04:48 Guard Tower
05:18 Guard Tower
05:18 Guard Tower
05:45 Scout Tower
06:19 Guard Tower
06:19 Guard Tower
06:20 Guard Tower
06:22 Scout Tower
06:24 Keep
06:24 Keep
06:29 Scout Tower
06:42 Farm
06:45 Scout Tower
06:53 Guard Tower
06:56 Scout Tower
07:00 Arcane Tower
07:00 Arcane Tower
07:18 Guard Tower
07:18 Guard Tower
07:24 Arcane Tower
07:25 Arcane Tower
08:13 Blacksmith
08:56 Castle
08:57 Castle
09:25 Gryphon Aviary
09:34 Gryphon Aviary
09:43 Scout Tower
10:51 Guard Tower
12:27 Scout Tower
12:31 Scout Tower
12:56 Farm
12:56 Farm
12:58 Guard Tower
12:58 Guard Tower
12:59 Guard Tower
12:59 Guard Tower
14:29 Scout Tower
14:30 Scout Tower
14:32 Scout Tower
14:34 Scout Tower
14:36 Scout Tower
15:10 Guard Tower
15:11 Guard Tower
15:11 Guard Tower
15:11 Guard Tower
15:35 Guard Tower
15:36 Guard Tower
15:36 Guard Tower
15:40 Farm
15:44 Farm
18:43 Scout Tower
18:44 Scout Tower
18:45 Scout Tower
18:46 Scout Tower
18:47 Scout Tower
18:49 Scout Tower
18:51 Scout Tower
18:58 Workshop
19:15 Guard Tower
19:15 Guard Tower
19:16 Guard Tower
19:22 Guard Tower
19:22 Guard Tower
19:22 Guard Tower
19:24 Guard Tower
19:24 Guard Tower
19:24 Guard Tower
20:25 Guard Tower
21:14 Arcane Sanctum
21:26 Ancient Protector
21:29 Ancient Protector
21:31 Ancient Protector
21:34 Ancient Protector
21:36 Ancient Protector
21:58 Farm
22:01 Farm
26:54 Scout Tower
26:54 Scout Tower
26:56 Scout Tower
28:00 Guard Tower
28:00 Guard Tower
28:03 Scout Tower
28:05 Scout Tower
28:06 Scout Tower
28:14 Town Hall
28:16 Scout Tower
28:20 Scout Tower
28:37 Guard Tower
28:37 Guard Tower
28:57 Guard Tower
28:58 Guard Tower
29:03 Arcane Tower
32:52 Town Hall
32:54 Town Hall
36:51 Arcane Vault
38:40 Lumber Mill
39:28 Scout Tower
39:29 Scout Tower
39:31 Scout Tower
41:43 Cannon Tower
41:43 Cannon Tower
48:50 Town Hall
51:27 Town Hall
51:39 Arcane Vault
54:43 Scout Tower
54:44 Scout Tower
54:46 Scout Tower
54:48 Scout Tower
54:50 Scout Tower
54:51 Scout Tower
54:52 Scout Tower
54:54 Scout Tower
54:56 Scout Tower
54:58 Scout Tower
56:02 Gryphon Aviary
56:04 Gryphon Aviary
56:11 Gryphon Aviary
56:16 Gryphon Aviary
56:21 Guard Tower
56:21 Guard Tower
56:21 Guard Tower
56:22 Guard Tower
56:22 Guard Tower
56:22 Guard Tower
56:23 Guard Tower
56:23 Guard Tower
56:26 Guard Tower
56:26 Guard Tower
56:27 Guard Tower
56:27 Guard Tower
56:27 Guard Tower
56:32 Gryphon Aviary
56:34 Guard Tower
56:34 Guard Tower
56:37 Gryphon Aviary
56:47 Gryphon Aviary
56:57 Gryphon Aviary
56:59 Gryphon Aviary
57:03 Scout Tower
57:08 Scout Tower
57:09 Scout Tower
57:35 Scout Tower
57:36 Scout Tower
57:38 Guard Tower
57:39 Guard Tower
57:41 Scout Tower
57:43 Scout Tower
57:47 Scout Tower
58:09 Scout Tower
58:14 Scout Tower
58:18 Guard Tower
58:18 Guard Tower
58:20 Scout Tower
58:22 Scout Tower
58:23 Guard Tower
58:23 Guard Tower
58:27 Guard Tower
58:27 Guard Tower
58:35 Guard Tower
58:37 Scout Tower
58:41 Guard Tower
58:41 Guard Tower
58:44 Scout Tower
58:46 Scout Tower
58:55 Guard Tower
58:55 Guard Tower
58:57 Scout Tower
59:00 Scout Tower
59:02 Scout Tower
59:05 Guard Tower
59:05 Guard Tower
59:16 Scout Tower
59:17 Scout Tower
59:22 Guard Tower
59:22 Guard Tower
59:24 Scout Tower
59:25 Scout Tower
59:29 Guard Tower
59:31 Scout Tower
59:33 Scout Tower
59:34 Guard Tower
59:34 Guard Tower
59:34 Guard Tower
59:35 Guard Tower
59:35 Guard Tower
59:37 Scout Tower
59:41 Scout Tower
59:51 Guard Tower
59:51 Guard Tower
59:54 Scout Tower
59:55 Guard Tower
59:55 Guard Tower
59:56 Guard Tower
59:57 Guard Tower
59:58 Scout Tower
60:02 Scout Tower
60:06 Guard Tower
60:06 Guard Tower
60:07 Guard Tower
60:07 Guard Tower
60:09 Scout Tower
60:10 Scout Tower
60:11 Scout Tower
60:12 Guard Tower
60:12 Guard Tower
60:14 Scout Tower
60:33 Scout Tower
60:34 Scout Tower
60:36 Scout Tower
60:37 Scout Tower
60:39 Guard Tower
60:39 Guard Tower
60:41 Scout Tower
60:42 Scout Tower
60:45 Scout Tower
60:46 Scout Tower
60:49 Guard Tower
60:49 Guard Tower
61:02 Scout Tower
61:15 Guard Tower
61:15 Guard Tower
61:16 Guard Tower
61:37 Guard Tower
61:37 Guard Tower
61:37 Guard Tower
62:33 Town Hall
65:29 Town Hall
66:30 Town Hall
75:33 Town Hall
76:02 Town Hall
76:35 Town Hall
» items
| Scroll of Regeneration | 8 | |
| Staff of Teleportation | 1 | |
| Boots of Speed | 1 | |
| Mechanical Critter | 1 | |
| Lesser Clarity Potion | 3 | |
| Orb of Fire | 1 | |
| Potion of Healing | 6 | |
| Scroll of Town Portal | 2 | |
| Scroll of Healing | 2 | |
| Potion of Lesser Invulnerability | 1 | |
26 total

»
ccs325 (
red | 24 APM | 606 actions | 25:43)
6 Demon Hunter
2 Immolation
3 Evasion
1 Metamorphosis
» actions
| Assign group hotkey | 7 | |
| Basic commands | 59 | |
| Build / train | 58 | |
| Enter build submenu | 18 | |
| Enter hero's abilities submenu | 6 | |
| Right click | 135 | |
| Select / deselect | 217 | |
| Select group hotkey | 50 | |
| Use ability | 56 | |
606 total
» units
| Wisp | 18 | |
| Druid of the Claw | 3 | |
| Dryad | 9 | |
| Knight | 2 | |
| Rifleman | 2 | |
| Hippogryph | 5 | |
39 total
» upgrades
| Strength of the Wild | 3 | |
| Reinforced Hides | 2 | |
| Abolish Magic | 1 | |
| Druid of the Claw Training | 2 | |
| Mark of the Claw | 1 | |
| Gunpowder | 1 | |
10 total
» buildings
| Altar of Elders | 1 | |
| Moon Well | 9 | |
| Tree of Ages | 1 | |
| Hunter's Hall | 1 | |
| Ancient of Wonders | 1 | |
| Ancient of Lore | 5 | |
| Tree of Eternity | 1 | |
| Ancient Protector | 2 | |
| Tree of Life | 1 | |
22 total
» build order
00:18 Altar of Elders
00:37 Moon Well
01:33 Moon Well
02:14 Tree of Ages
02:45 Hunter's Hall
03:09 Ancient of Wonders
03:59 Moon Well
04:56 Ancient of Lore
04:58 Ancient of Lore
04:59 Ancient of Lore
05:49 Moon Well
06:00 Ancient of Lore
06:08 Ancient of Lore
06:51 Moon Well
07:40 Tree of Eternity
08:04 Moon Well
09:33 Ancient Protector
13:52 Tree of Life
14:33 Ancient Protector
17:52 Moon Well
18:45 Moon Well
18:52 Moon Well
Chat log
(00:06 / All) Foll0w: it's soj!
(00:24 / Allies) ccs325: tech to dryads
(00:48 / Allies) yourowndevil: knights'
(00:54 / All) Foll0w: excellent
(00:55 / All) MeNeFrego: man I was real slick with my early building but didn't put ghoul to wood
(00:56 / Allies) HelloFlamechamp: you guys get ground I can get air
(01:02 / All) Foll0w: we then have tacit agreement on an excellent strategy
(01:04 / All) MeNeFrego: he was hugging the trees
(01:05 / All) Foll0w: let's commence with execution
(03:45 / Allies) HelloFlamechamp: 100 wood please
(05:03 / Allies) Medeia: come on
(05:12 / All) Foll0w: how come everytime you come around
(05:18 / All) Foll0w: my london london bridge wanna go down?
(05:33 / All) Medeia: because you're a filthy stinking pom
(10:31 / Allies) ccs325: lets go blue
(10:39 / All) Foll0w: die fag
(11:31 / All) HelloFlamechamp: You won't get the last laugh pink
(11:33 / All) HelloFlamechamp: The game is rigged
(11:35 / All) HelloFlamechamp: You will be dominated
(11:39 / All) Foll0w: maybe
(11:43 / All) Foll0w: bring those tanks on fag
(11:53 / All) HelloFlamechamp: nice try orange
(12:07 / All) CatTheWicked: im not done yet
(12:10 / All) Foll0w: u think u can win with purp
(12:16 / All) Foll0w: look how bad he is
(12:19 / All) HelloFlamechamp: We already won bro. Time for you to leave
(13:02 / Allies) Medeia: b
(14:11 / All) HelloFlamechamp: nice try
(14:17 / All) CatTheWicked: not done yet
(14:25 / All) HelloFlamechamp: try another fail attack please
(14:29 / All) CatTheWicked: not done
(14:42 / Allies) ccs325: dont leave
(14:46 / Allies) HelloFlamechamp: I won't
(14:48 / Allies) HelloFlamechamp: We won
(14:58 / All) Foll0w: u were saying
(14:59 / All) Foll0w: faggot
(15:03 / All) HelloFlamechamp: I was saying you lost
(15:07 / All) HelloFlamechamp: You'll know it when it happened
(15:10 / All) CatTheWicked: yea looks it
(15:14 / All) HelloFlamechamp: You can leave now
(15:17 / All) HelloFlamechamp: Save yourselves the butthurt\
(15:21 / All) MeNeFrego: /sighs loudly
(15:33 / All) HelloFlamechamp: They always do this every game lol
(15:41 / All) CatTheWicked: LOL
(16:11 / All) Foll0w: spy
(16:29 / All) Foll0w: u think u fancy huh
(16:35 / All) HelloFlamechamp: lol
(16:41 / All) Foll0w: get your trash out of here
(16:52 / All) CatTheWicked: nice fail teal
(16:58 / All) HelloFlamechamp: It was a cost effective trade for me
(16:58 / All) Foll0w: the kid is garbage
(16:59 / All) HelloFlamechamp: Not a fail
(17:03 / All) CatTheWicked: you fail
(17:08 / All) HelloFlamechamp: You lost bro time to leave
(17:12 / All) HelloFlamechamp: Save yourselves the butthurt
(17:13 / All) HelloFlamechamp: Like I said
(17:19 / All) HelloFlamechamp: This game is rigged
(17:58 / All) HelloFlamechamp: nice fail
(18:00 / All) HelloFlamechamp: tp please
(18:01 / All) HelloFlamechamp: faster
(18:02 / All) HelloFlamechamp: GET THE FUCK OUT
(18:02 / All) HelloFlamechamp: GET THE FUCK OUT
(18:06 / Allies) Medeia: i have no shop or tp
(18:08 / All) HelloFlamechamp: Was losing half your army part of the plan?
(18:29 / All) CatTheWicked: it doesnt matter as long as you keep camping your expo and failing your alllies
(18:39 / All) HelloFlamechamp: My allies are irrelevant I can 1v4 this
(18:55 / All) Foll0w: whatever you say
(18:57 / All) Foll0w: you're bad
(19:04 / All) HelloFlamechamp: You'll know it when it happens
(19:46 / All) HelloFlamechamp: keep using a strat that won't work orange
(20:00 / All) CatTheWicked: LOL
(20:12 / All) HelloFlamechamp: Grubby said in his commentaries, never hero snipe
(20:15 / All) Foll0w: heroes only for me now
(20:15 / All) HelloFlamechamp: Listen to the pros
(20:20 / All) HelloFlamechamp: YOu have pure bat
(20:23 / Allies) ccs325: i need gold torebuild
(20:25 / All) CatTheWicked: you're terrible
(20:34 / All) HelloFlamechamp: So much shit talking only when you think you're winning
(20:38 / All) HelloFlamechamp: You never do when getting raped
(20:54 / All) Foll0w: towers don't even have sight
(20:55 / All) Foll0w: bad
(20:56 / All) CatTheWicked: awww hes going seige
(20:58 / Allies) Medeia: i'm going to leave
(21:05 / Allies) HelloFlamechamp: Bye. I can win without you
(22:24 / All) HelloFlamechamp: sup wisps
(22:24 / All) Foll0w: u should learn your own strats maybe
(22:42 / All) Foll0w: now run
(22:44 / All) Foll0w: little boy
(22:49 / All) Foll0w: bad
(22:57 / All) HelloFlamechamp: I got 4k to rebuild even if I lose all of that
(23:01 / All) Foll0w: bye
(23:03 / All) Foll0w: i have 6
(23:04 / All) HelloFlamechamp: Probably still cost effective
(23:06 / All) ccs325: by
(23:07 / All) HelloFlamechamp: Time for you to leave
(23:30 / All) HelloFlamechamp: Got all of your air and lost only my hero that was pretty cost effective tbqh
(23:38 / All) CatTheWicked: LOL and you're still sucking
(23:48 / All) HelloFlamechamp: No need to be buttfrustrated
(24:00 / All) HelloFlamechamp: Keep massing air even after I kill it, please
(24:13 / All) CatTheWicked: dont worry im allies are on top of it
(24:18 / All) HelloFlamechamp: Most Ne can only do chippo or pure chim though so don't worry about it
(25:01 / All) HelloFlamechamp: I see your artificial noob elf night
(25:11 / All) CatTheWicked: i see you suck lol
(25:15 / All) HelloFlamechamp: How creative
(25:25 / All) Foll0w: tree boxing
(25:26 / All) Foll0w: w00t
(25:29 / All) CatTheWicked: you dont realize how wasted your efforts are on me
(25:34 / All) HelloFlamechamp: lawl
(25:39 / All) HelloFlamechamp: free grunt ty
(25:47 / All) Foll0w: he's going to blame it on his teammates shortly
(25:50 / All) Foll0w: this loss
(25:53 / All) Foll0w: or he'll just ragequit
(25:55 / All) HelloFlamechamp: I only have 1 team mate this game lol
(25:56 / All) Foll0w: afte rlosing his hero again
(26:35 / All) HelloFlamechamp: You'll know it when it happens
(26:36 / All) HelloFlamechamp: GET THE FUCK OUT
(26:38 / All) CatTheWicked: lol
(26:41 / All) HelloFlamechamp: Time for you to leave
(27:01 / All) TomBingley: hilarious yellow
(27:09 / All) HelloFlamechamp: There was a Reich spy on your team
(27:17 / All) HelloFlamechamp: Time for you to leave now orange and pink
(27:24 / All) HelloFlamechamp: Took you this long to realise it lol
(27:33 / All) HelloFlamechamp: Your shit talking was in vain
(27:48 / All) HelloFlamechamp: You should watch our highperch games, this is a regular occurence and you are both just more victims
(27:50 / All) HelloFlamechamp: nothing special
(28:17 / All) HelloFlamechamp: sup
(29:20 / All) HelloFlamechamp: Nice base bro, where'd your hall go buddy?
(29:20 / All) TomBingley: thanks for wasting hours of my life
(29:24 / All) HelloFlamechamp: How mad are you pink and orange?
(29:27 / All) HelloFlamechamp: All that shit talking for nothing
(29:30 / All) HelloFlamechamp: You only do it when winning
(29:32 / All) HelloFlamechamp: I do it all game
(29:34 / All) HelloFlamechamp: Therefore I am superior
(29:36 / All) HelloFlamechamp: Time for you to leave
(29:50 / All) CatTheWicked: wow...so you had to have someone bs us to win?
(29:59 / All) HelloFlamechamp: Not convince, you are just more victims
(30:07 / All) CatTheWicked: thats so sad
(30:14 / All) HelloFlamechamp: Pink logged off
(30:15 / All) HelloFlamechamp: He is fucking mad
(30:25 / All) HelloFlamechamp: highper.ch we have replays there you are just another angry lady who was raped
(30:29 / All) CatTheWicked: wow
(30:51 / All) HelloFlamechamp: Queue the "no life" comments and "I have a hot girlfriend" now
(31:24 / All) CatTheWicked: time to alt tab you two butt buddies are going to work for this oen
(31:30 / All) HelloFlamechamp: We always do, you are mad as fuck
(31:30 / All) MeNeFrego: raped
(31:33 / All) HelloFlamechamp: That is what people do when they are so mad
(31:34 / All) MeNeFrego: not a single wyrm lost
(31:46 / All) HelloFlamechamp: They were shit talkers but said not a word after losing
(31:49 / All) HelloFlamechamp: Pink just altqqed and logged off
(31:51 / All) HelloFlamechamp: He ate shit
(31:58 / All) CatTheWicked: you keep dreaming teal im cracking up laughing knowing the ONLY reason you won is cause your boyfriend is bsing LOL so have fun
(32:08 / All) HelloFlamechamp: i thought you alt tabbed buddy?
(32:10 / All) MeNeFrego: I don't care
(32:12 / All) MeNeFrego: You were raped orange
(32:22 / All) MeNeFrego: How many wyrms did you kill?
(32:23 / All) MeNeFrego: 0
(32:26 / All) CatTheWicked: so how long you two been bending eachother over?
(32:26 / All) MeNeFrego: all of you combined: 2
(32:31 / All) CatTheWicked: couple years?
(32:41 / All) CatTheWicked: do you dress up in gay pride week and go to a parade?
(32:43 / All) CatTheWicked: lol
(32:47 / All) HelloFlamechamp: Is "faggot" the only insult you even know, you god damned lobotomized cranially challenged half-wit?
(32:59 / All) CatTheWicked: whos' the "man" in the relationship btw?
(33:04 / All) HelloFlamechamp: Don't take out your lobotomy woes out on us
(33:06 / All) MeNeFrego: That would be me
(33:12 / All) MeNeFrego: I'm a manly man you see
(33:14 / All) CatTheWicked: lol what a joke
(33:25 / All) MeNeFrego: I wear pink everyday, real men wear pink!
(33:31 / All) HelloFlamechamp: I only wear rainbows
(33:35 / All) HelloFlamechamp: to represent our pride :D
(33:39 / All) CatTheWicked: exactly
(33:47 / All) HelloFlamechamp: ya
(33:53 / All) CatTheWicked: so how does it feel to suck so bad at a game you need to cheat?
(33:59 / All) HelloFlamechamp: Have you ever been fucked in the ass orange?
(34:00 / All) HelloFlamechamp: oh wait lol
(34:04 / All) CatTheWicked: clearly you have
(34:22 / All) CatTheWicked: this has been them most amusing game all night
(34:32 / All) HelloFlamechamp: If you don't care, just leave
(34:34 / All) HelloFlamechamp: and find another game
(34:48 / All) CatTheWicked: oh no little boy...you do what gay ppl do best..."work it"
(34:51 / All) HelloFlamechamp: You are 23-38 you are terrible, you shouldn't trash talk if you aren't even 50%
(34:51 / All) MeNeFrego: orange 23-38
(35:13 / All) CatTheWicked: well yellow with ppl like you? wonder why?" LOL both of you are a joke
(35:20 / All) HelloFlamechamp: ^_^
(35:23 / All) MeNeFrego: how many wyrms did you kill orange? you even stopped attacking because you knew your struggle was hopeless
(35:25 / All) CatTheWicked: i dont have all night get moving
(35:39 / All) HelloFlamechamp: We will upload this replay with both sides of chat to highper.ch
(35:43 / All) HelloFlamechamp: so everyone can laugh at you
(35:46 / All) HelloFlamechamp: Your family name is humiliated
(35:55 / All) CatTheWicked: /yanw
(36:04 / All) CatTheWicked: boring comebacks children..get moving
(36:05 / All) HelloFlamechamp: What's yanw? Some Yahweh Jewish shit?
(36:17 / All) HelloFlamechamp: Borous, I don't work with animals. Translate.
(36:24 / All) CatTheWicked: hurry up you still have bases to kill move it move it move it
(36:26 / All) HelloFlamechamp: this is a first time a lobotomite has spoken in decades
(36:46 / All) MeNeFrego: all south
(36:49 / All) MeNeFrego: greens base
(36:53 / All) MeNeFrego: orange expo to the right
(36:58 / All) CatTheWicked: i have two
(37:07 / All) MeNeFrego: south of your expo
(37:08 / All) HelloFlamechamp: How many units do you have bro? I have 80 food
(37:17 / All) HelloFlamechamp: 11 dhawks 2 gryphons
(37:18 / All) HelloFlamechamp: 1 sorc
(37:19 / All) HelloFlamechamp: 2 tanks
(37:21 / All) HelloFlamechamp: 1 knight
(37:28 / All) CatTheWicked: dont forget pinks in the middle
(37:36 / All) HelloFlamechamp: He left lol
(37:41 / All) HelloFlamechamp: You are too bad to control him
(37:44 / All) HelloFlamechamp: let every peon die earlier
(37:48 / All) CatTheWicked: i really dont care
(37:59 / All) MeNeFrego: leave then
(38:03 / All) CatTheWicked: noooooooooooooope
(38:14 / All) HelloFlamechamp: If you don't care you would have left already. People only want to "waste time" when they are mad as fuck
(38:17 / All) MeNeFrego: What are you wearing orange
(38:27 / All) HelloFlamechamp: probably hugging his Japanese waifu pillow in tears
(38:41 / All) MeNeFrego: Backdoor beauty?
(38:46 / All) CatTheWicked: i dont care teal..but you seem to care a lot that im staying..so if YOU dont care..kill me off and be done
(38:54 / All) MeNeFrego: what are you wearing baby
(39:13 / All) CatTheWicked: you're not old enough for me to answer that little boy
(39:16 / All) HelloFlamechamp: Pink was 2-0, he is 2-1 now
(39:19 / All) HelloFlamechamp: Time for him to make a new account
(39:26 / All) CatTheWicked: LOL
(39:33 / All) MeNeFrego: Backdoor beauty, orange?
(39:40 / All) CatTheWicked: I dont have to agree with yellow..pink was a HUGE smack talker the whole game
(39:46 / All) CatTheWicked: I do*
(39:47 / All) HelloFlamechamp: So were you
(39:50 / All) HelloFlamechamp: And now you ate your words
(39:55 / All) CatTheWicked: no i didnt
(39:57 / All) HelloFlamechamp: because you're so fucking bad you couldn't defeat 1 ally
(40:03 / All) CatTheWicked: i said you couldnt kill me...and you didnt
(40:06 / All) CatTheWicked: my ally had to
(40:09 / All) CatTheWicked: so I was right
(40:10 / All) MeNeFrego: Orange, backdoor beauty?
(40:14 / All) HelloFlamechamp: I killed your army numerous times. You needed pink's help
(40:16 / All) HelloFlamechamp: Backdoor beauty?
(40:24 / All) CatTheWicked: each time you came at me you failed..with all them hawks you still failed
(40:28 / All) CatTheWicked: and with tanks even!!
(40:33 / All) HelloFlamechamp: You considered it to kill 1 BM and 3 hawks for an entire army of yours lol
(40:34 / All) MeNeFrego: how many wyrms did you kill of mine?
(40:40 / All) HelloFlamechamp: What an accomplishment
(40:45 / All) HelloFlamechamp: Backdoor beauty?
(40:55 / All) HelloFlamechamp: Sending trees to finsih the job
(40:59 / All) MeNeFrego: I bet you have a deep ass orange
(41:07 / All) HelloFlamechamp: Probably nice and hairy
(41:08 / All) CatTheWicked: i had units i just didnt use them all cause you got full of yourself
(41:17 / All) CatTheWicked: how do you think i always had them noob lol
(41:18 / All) HelloFlamechamp: Oh, you didn't try? That's what they always say
(41:33 / All) HelloFlamechamp: You always had them except when I killed your entire army in a cost effective trade for only 1 hero and 2 hawks
(41:45 / All) CatTheWicked: you're right i didnt cause you were doing exacltly what i wanted you to do
(41:51 / All) HelloFlamechamp: Kill your army? OK buddy
(41:54 / All) HelloFlamechamp: Backdoor beauty!
(41:57 / All) CatTheWicked: trying to kill me off and failing lol
(42:02 / All) MeNeFrego: you're like putty in his super intelligent hands, teal
(42:07 / All) HelloFlamechamp: I killed your army and that was all I needed to do
(42:15 / All) CatTheWicked: right y ellow thats why you had to kill me?
(42:20 / All) HelloFlamechamp: Yeah he is like fucking Nikola Tesla
(42:23 / All) HelloFlamechamp: What a beast
(42:27 / All) CatTheWicked: you killed four units while the rest were in the back
(42:32 / All) CatTheWicked: while i was lauhing at you
(42:38 / All) HelloFlamechamp: Oh? Then why not counter me with them bro?
(42:47 / All) CatTheWicked: like i said..you were doing what i wanted you to do
(42:58 / All) HelloFlamechamp: Kill your army for 3 of my units?
(43:05 / All) MeNeFrego: Orange do you like smash pumpkins
(43:07 / All) CatTheWicked: you killed FOUR of my units LOL
(43:08 / All) HelloFlamechamp: That was cost effective if the rest of your army was hidden or not
(43:15 / All) HelloFlamechamp: yeah for only 3 of mine bro
(43:21 / All) HelloFlamechamp: Cost effective backdoor beauty
(43:26 / All) MeNeFrego: Orange do you like Smashing Pumpkins
(43:32 / All) CatTheWicked: like i said i controlled what you were doing
(43:33 / All) HelloFlamechamp: I bet you liked your plump ass being full of our cum
(43:45 / All) MeNeFrego: Despite all your rage you are still just a rat in a cage
(43:50 / All) HelloFlamechamp: You controlled what we were doing? Is that why you killed so many wyrms?
(44:06 / All) CatTheWicked: i wasnt talking about yellow i was talking about YOU
(44:08 / All) HelloFlamechamp: How many wyrms did you kill bro?
(44:13 / All) MeNeFrego: Nay sir, methinks Duke Dreadmoore doth reign supreme
(44:19 / All) HelloFlamechamp: Yellow is an extension of me just as I am an extension of him
(44:30 / All) HelloFlamechamp: We are one bro. Listen to the pride parade posters
(44:33 / All) CatTheWicked: yes i now realize you are boyfriends
(44:39 / All) MeNeFrego: Team Quetzalcoatl
(44:53 / All) CatTheWicked: *rolls eyes
(45:02 / All) MeNeFrego: Orange why don't you answer my questions you silly little freak
(45:03 / All) HelloFlamechamp: To the back of your head from fellatio?
(45:10 / All) CatTheWicked: i bet you two own the twilight movies
(45:13 / All) HelloFlamechamp: Do you like to give or take?
(45:21 / All) HelloFlamechamp: You sure took it this game
(45:22 / All) MeNeFrego: Team Edward all the way
(45:29 / All) HelloFlamechamp: Edward is the best
(45:33 / All) HelloFlamechamp: two of my fav movies ^_^
(45:35 / All) MeNeFrego: VAMPIRES RULE!
(45:37 / All) CatTheWicked: do you guys ERP? "edward" and "jake"
(45:38 / All) HelloFlamechamp: *vampyres
(45:58 / All) MeNeFrego: *_^
(46:05 / All) MeNeFrego: ^_-
(46:06 / All) HelloFlamechamp: Edward and Jake? Nah Jake pussed out, he is a 40% player
(46:22 / All) CatTheWicked: LOL wow teal that went right over your head
(46:24 / All) HelloFlamechamp: Edward is the coolest Jacob sucks ^^
(46:27 / All) CatTheWicked: this is the best game ever
(46:29 / All) MeNeFrego: What are you wearing, orange?
(46:36 / All) HelloFlamechamp: Do you have a nice mini-skirt?
(46:40 / All) HelloFlamechamp: I like men with little skirts
(46:41 / All) CatTheWicked: blue jeans and a black tank top you?
(46:48 / All) MeNeFrego: I'm wearing white shoes in honor of Fransisco Pizarro
(46:50 / All) HelloFlamechamp: Nothing ^_~
(47:18 / All) CatTheWicked: well that proves that yellow is the "man" in the relationship
(47:33 / All) MeNeFrego: Orange who is your favorite conquistador
(47:36 / All) HelloFlamechamp: He is a manly man. you should watch his ustream video
(47:53 / All) CatTheWicked: bad porn? no thank you
(48:21 / All) HelloFlamechamp: GET THE FUCK OUT
(48:25 / All) CatTheWicked: nooooooooooooooooope
(48:32 / All) HelloFlamechamp: wrong copy paste my bad
(48:33 / All) HelloFlamechamp: http://www.metacafe.com/watch/4711939/ustream_trolling/
(48:50 / All) CatTheWicked: sry i dont do porn
(48:59 / All) HelloFlamechamp: It's him raping niggers on Ustream
(49:08 / All) HelloFlamechamp: it's a hot vid check it out ^^
(49:09 / All) CatTheWicked: like i said bad porn
(49:20 / All) HelloFlamechamp: it's sexy stuff
(49:23 / All) HelloFlamechamp: I fap to it daily
(49:28 / All) CatTheWicked: suuuuuure
(49:41 / All) MeNeFrego: Orange do you like the show Game of Thrones
(49:51 / All) HelloFlamechamp: Goatse is the only sexier porn. Reminds me of your nice asshole being opened wide and loose for our dicks
(50:00 / All) CatTheWicked: only seen it once
(50:08 / All) CatTheWicked: i dislike cable so i dont watch tv
(50:12 / All) MeNeFrego: What is your name from
(50:17 / All) CatTheWicked: a story
(50:18 / All) HelloFlamechamp: I hate Cable too. Fibre Optics is so much better
(50:21 / All) MeNeFrego: What story
(50:32 / All) CatTheWicked: supernatural stuff
(50:39 / All) MeNeFrego: Do you believe in ghosts
(50:42 / All) CatTheWicked: nope
(50:49 / All) MeNeFrego: Do you believe in haunted houses
(50:51 / All) HelloFlamechamp: That is a boring title. You should watch vampyre stuff like us ^_^ they are more liekyl to be real than ghosts
(50:52 / All) CatTheWicked: nope
(51:01 / All) CatTheWicked: its not the title of the story
(51:08 / All) MeNeFrego: Do you believe in spiritual phenomena
(51:21 / All) HelloFlamechamp: Do you believe in Justin Bieber fans?
(51:24 / All) CatTheWicked: i think ive answered that questionl ike twice now?
(51:25 / All) CatTheWicked: LOL
(51:27 / All) CatTheWicked: ROFL!!!
(51:29 / All) CatTheWicked: LOLOLOL
(51:39 / All) CatTheWicked: yea right up there with lady gaga fans
(51:43 / All) MeNeFrego: Do you like Invader Zim
(51:47 / All) HelloFlamechamp: I know ^^ two top artists of our decade
(51:50 / All) HelloFlamechamp: Elvis was a pussy in comparison :D
(51:59 / All) CatTheWicked: gaga is a madonna wanna be
(52:06 / All) HelloFlamechamp: who's madonna? :D
(52:08 / All) MeNeFrego: You seem like a spaz Invader Zim fan
(52:25 / All) CatTheWicked: no idea what that is yellow
(52:36 / All) MeNeFrego: What country are you from
(52:46 / All) CatTheWicked: what one do you think im from
(52:52 / All) MeNeFrego: Mexico
(52:55 / All) HelloFlamechamp: Brazil
(53:07 / All) MeNeFrego: The fuck kind of rock you living under that you've never heard of Invader Zim
(53:14 / All) MeNeFrego: and tthat you think ghosts are real
(53:24 / All) HelloFlamechamp: brazilian grey rock of coarse!
(53:31 / All) CatTheWicked: clearly you cant read when i said no to that question
(53:35 / All) CatTheWicked: I live in the US
(53:37 / All) MeNeFrego: Don't lie
(53:39 / All) HelloFlamechamp: Which state?
(53:43 / All) MeNeFrego: I know you believe in ghosts
(53:47 / All) CatTheWicked: riiiiight
(54:00 / All) CatTheWicked: a small one
(54:05 / All) HelloFlamechamp: New York?
(54:08 / All) HelloFlamechamp: or DC?
(54:10 / All) MeNeFrego: California?
(54:13 / All) MeNeFrego: Texas?
(54:16 / All) MeNeFrego: Alaska?
(54:17 / All) CatTheWicked: yes cause those are all small <.<
(54:26 / All) HelloFlamechamp: yes they are look at a map silly boy ^_^
(54:28 / All) MeNeFrego: Canada?
(54:35 / All) CatTheWicked: wrong teal
(54:36 / All) HelloFlamechamp: Canada is the bestest state in the union
(54:42 / All) CatTheWicked: if you two havent figured that out yet by now
(54:50 / All) CatTheWicked: idk
(54:56 / All) MeNeFrego: Are you a nigger
(55:13 / All) CatTheWicked: no acutally im smart when i want to be
(55:22 / All) HelloFlamechamp: so not in this game? ^_________^
(55:29 / All) MeNeFrego: Are you suggesting that niggers are stupid?
(55:32 / All) MeNeFrego: How incredibly racist
(55:38 / All) CatTheWicked: very much in this game teal cause you did just want i wanted you to do
(55:39 / All) HelloFlamechamp: niggers are the most smartest people in history
(55:59 / All) CatTheWicked: that comment is an oxymoron
(56:07 / All) HelloFlamechamp: wow so racist O_O
(56:09 / All) MeNeFrego: Niggers have contributed a lot of diseases and have expanded our knowledge on such things
(56:28 / All) CatTheWicked: you dont even know what the proper term for that word is
(56:41 / All) HelloFlamechamp: african-american
(56:45 / All) CatTheWicked: nope
(56:56 / All) CatTheWicked: it was adopted as that when slavery came around
(57:04 / All) CatTheWicked: but not its orgin
(57:08 / All) CatTheWicked: i*
(57:18 / All) HelloFlamechamp: Nigger is from Latin Negrus and Spanish Negro
(57:25 / All) HelloFlamechamp: El Oso Negro is The Black Bear for example
(57:32 / All) HelloFlamechamp: in Spanish
(57:36 / All) CatTheWicked: what grade lvl did you two drop out at?
(57:39 / All) CatTheWicked: middle school?
(57:51 / All) MeNeFrego: What's the proper term for nigger orange
(58:00 / All) MeNeFrego: Negroid?
(58:03 / All) MeNeFrego: Negro?
(58:04 / All) CatTheWicked: lol
(58:07 / All) HelloFlamechamp: He doesn't know how to say African-American. I bet he is a Ku Klux Klansman
(58:07 / All) MeNeFrego: Them proper?
(58:20 / All) MeNeFrego: I try to be polite and call them coloreds
(58:20 / All) CatTheWicked: teal you STILL havent figured it out???
(58:33 / All) HelloFlamechamp: figured out what? you haven't either all game
(58:45 / All) CatTheWicked: ummm ok
(58:53 / All) HelloFlamechamp: watch our other replays or check their chat lol
(58:59 / All) MeNeFrego: Look at the insurance for if I drop out of this game, orange
(59:08 / All) HelloFlamechamp: all those towers
(59:11 / All) HelloFlamechamp: and tons of aviaries
(59:13 / All) HelloFlamechamp: to instant remax
(59:20 / All) HelloFlamechamp: I got 80 food dhawk
(59:37 / All) CatTheWicked: i really dont care if you do or dont..its a game just like the other ones that i play i'll just find a new one
(59:47 / All) HelloFlamechamp: You would have done that already if you didn't care
(59:51 / All) MeNeFrego: do you have any siblings
(59:57 / All) CatTheWicked: wrong again teal
(60:04 / All) HelloFlamechamp: ic
(60:31 / All) CatTheWicked: so not only is yellow the man hes smarter one in the relationship
(60:50 / All) MeNeFrego: Do you ahve any siblings orange
(60:54 / All) CatTheWicked: yes
(60:57 / All) HelloFlamechamp: Do you have any brothers?
(61:01 / All) CatTheWicked: yup
(61:02 / All) MeNeFrego: brothers, sisters?
(61:05 / All) CatTheWicked: both
(61:05 / All) HelloFlamechamp: Any gay friends?
(61:11 / All) CatTheWicked: a few
(61:13 / All) HelloFlamechamp: How big is your family?
(61:18 / All) MeNeFrego: do you try to catch a glimpse of your sister changing
(61:36 / All) CatTheWicked: she doesnt live here so no
(61:38 / All) MeNeFrego: silence is deafening
(61:40 / All) HelloFlamechamp: completely boxed in now
(61:52 / All) MeNeFrego: did you used to
(61:53 / All) HelloFlamechamp: I kind of hope you lag out so I get to use all this
(62:03 / All) CatTheWicked: lol keep dreaming teal
(62:30 / All) MeNeFrego: Orange did you used to try to sneak a peek at your sister?
(62:40 / All) HelloFlamechamp: or your brothers maybe if you're a gay?
(62:43 / All) MeNeFrego: Is she hot?
(62:49 / All) CatTheWicked: idk ask her husband
(62:50 / All) HelloFlamechamp: How big are her boobs?
(62:54 / All) CatTheWicked: no idea
(62:57 / All) HelloFlamechamp: What is she wearing?
(63:04 / All) HelloFlamechamp: Have you never seen her chest?
(63:09 / All) HelloFlamechamp: How would you say "no idea"?
(63:12 / All) CatTheWicked: you misssed the part where i said she doesnt live here lol
(63:25 / All) HelloFlamechamp: Oh, so she may or may not actually exist and you've never even seen her?
(63:30 / All) MeNeFrego: Are you in the AV club>
(63:42 / All) CatTheWicked: wrong again teal
(63:47 / All) CatTheWicked: you're not doing very well
(64:00 / All) HelloFlamechamp: You're just homophobic and hate our relationship
(64:07 / All) MeNeFrego: How many babies does it take to paint a house?
(64:07 / All) CatTheWicked: riiiiight
(64:15 / All) MeNeFrego: Depends on how hard you throw them
(64:17 / All) HelloFlamechamp: Depends on how much blood they have at the time
(64:30 / All) CatTheWicked: thats older than dirt boys
(64:33 / All) MeNeFrego: Alright, what's the best way to please a woman?
(64:38 / All) HelloFlamechamp: Who cares?
(64:46 / All) CatTheWicked: you looking for ideas? LOL
(64:49 / All) MeNeFrego: Why yes that is the punch line
(65:25 / All) CatTheWicked: that almost 14k isnt going to help you yellow
(65:39 / All) MeNeFrego: We're waiting for you to leave
(65:41 / All) HelloFlamechamp: against hwat?
(65:51 / All) MeNeFrego: So I can get a win, and be 1-0 and on my way to becoming great champion
(65:54 / All) CatTheWicked: yellow thats not going to happen
(66:20 / All) CatTheWicked: i got all night
(66:22 / All) MeNeFrego: What kind of shoes do you wear orange
(66:30 / All) CatTheWicked: ones that go on my feet
(66:36 / All) HelloFlamechamp: hahahaha!!!!
(66:38 / All) MeNeFrego: What describe them
(66:51 / All) CatTheWicked: they are
(66:54 / All) CatTheWicked: shoes
(67:00 / All) MeNeFrego: Vivid detail, son
(67:05 / All) HelloFlamechamp: Are you a writer?
(67:10 / All) HelloFlamechamp: Did you write my favourite book, Twilight?
(67:16 / All) CatTheWicked: cracks me up you two still havent figured it out
(67:22 / All) HelloFlamechamp: lol
(67:37 / All) HelloFlamechamp: Want me to pause so you can find out how to use ALTQQ in your manual?
(67:38 / All) MeNeFrego: are you 12
(67:41 / All) HelloFlamechamp: My grandma is taller than you and she's dead
(67:43 / All) CatTheWicked: no
(67:47 / All) CatTheWicked: good for her
(68:02 / All) MeNeFrego: How old are you
(68:03 / All) CatTheWicked: good things come in small packages little ones
(68:08 / All) CatTheWicked: old enough
(68:17 / All) HelloFlamechamp: you're at the age of consent?
(68:20 / All) MeNeFrego: did you already have your growth spurt
(68:20 / All) HelloFlamechamp: isn't that like 40 in the us?
(68:26 / All) CatTheWicked: 18 lol
(68:42 / All) CatTheWicked: hmm not from the Us are you children?
(68:47 / All) HelloFlamechamp: Do you know where Lithuania is?
(68:56 / All) MeNeFrego: I'm from the finest state in the Union
(69:00 / All) MeNeFrego: Indiana
(69:02 / All) HelloFlamechamp: Alt tab to look it up and save your dignity
(69:11 / All) CatTheWicked: lol
(69:13 / All) CatTheWicked: if you say so
(69:22 / All) HelloFlamechamp: Do you know where Lithuania is? What about Latvia and Estonia?
(69:27 / All) MeNeFrego: I think pretty much the whole world agrees that Indiana is the best state
(69:28 / All) CatTheWicked: nope
(69:31 / All) HelloFlamechamp: Do you even know where Denmark is?
(69:42 / All) CatTheWicked: do you?
(69:44 / All) HelloFlamechamp: Yes
(69:50 / All) CatTheWicked: i think you're lying
(69:57 / All) HelloFlamechamp: lol
(70:07 / All) MeNeFrego: Orange did you have your lunch money stolen a lot?
(70:08 / All) HelloFlamechamp: There are places that teach geography
(70:16 / All) HelloFlamechamp: Just because the US is fucktarded doesn't mean everywhere is
(70:17 / All) CatTheWicked: and you seem to have missed them
(70:22 / All) CatTheWicked: cause you dont know where demark is
(70:32 / All) MeNeFrego: Above Germany south of Norway
(70:38 / All) CatTheWicked: no yellow ive put ppl in them though
(70:39 / All) HelloFlamechamp: Do you know where Bulgaria is?
(70:41 / All) HelloFlamechamp: or Austria?
(70:47 / All) MeNeFrego: Bro
(70:49 / All) HelloFlamechamp: Austria is next to Germany and Luxembourg
(70:54 / All) MeNeFrego: |You are a midget
(70:55 / All) HelloFlamechamp: Bulgaria is Eastern European
(71:01 / All) HelloFlamechamp: You probably don't know where Afghanistan is
(71:02 / All) MeNeFrego: you need a booster seat to drive in a car
(71:04 / All) HelloFlamechamp: which is south of Russia
(71:13 / All) HelloFlamechamp: Lithuania FYI is right next to latvia and estonia
(71:19 / All) HelloFlamechamp: can be gotten to from a boat in Sweden or Finland
(71:22 / All) HelloFlamechamp: across a river
(71:26 / All) HelloFlamechamp: all of them are near the baltic sea
(71:32 / All) CatTheWicked: you amuse me teal
(71:35 / All) MeNeFrego: Orange are you legally obligated to use a booster seat?
(71:37 / All) HelloFlamechamp: Luxembourg is the 2nd richest place in the world nad you don't know where it was
(71:49 / All) CatTheWicked: i love how i can string you right along into a fit
(72:04 / All) HelloFlamechamp: I'm quivering in fear and terror at the amount of dominance I have over you right now
(72:11 / All) CatTheWicked: L
(72:12 / All) CatTheWicked: O
(72:13 / All) CatTheWicked: L
(72:15 / All) CatTheWicked: you have none
(72:18 / All) HelloFlamechamp: Want to see?
(72:25 / All) CatTheWicked: pls
(72:29 / All) HelloFlamechamp: Want to see how fast I can kill your last building?
(72:35 / All) CatTheWicked: its not mine
(72:38 / All) CatTheWicked: its yellows
(72:40 / All) HelloFlamechamp: It's your team's
(72:41 / All) CatTheWicked: and im sure hes waiting
(72:42 / All) HelloFlamechamp: Your last stand
(72:49 / All) CatTheWicked: o pls
(73:00 / All) CatTheWicked: we lost this game a soon as yellow que'd on the team
(73:05 / All) HelloFlamechamp: Yes you did
(73:09 / All) MeNeFrego: orange do you wear stilts
(73:14 / All) HelloFlamechamp: The game was rigged from the start as I said earlier
(73:15 / All) CatTheWicked: for what?
(73:18 / All) HelloFlamechamp: you and pink didn't believe me
(73:21 / All) HelloFlamechamp: You are just more victims of ours
(73:22 / All) MeNeFrego: because you are a midget
(73:32 / All) HelloFlamechamp: he might use high heels instead
(73:46 / All) CatTheWicked: aaaaand you two still cant figure it out
(73:55 / All) HelloFlamechamp: YOu're not mad and didn't even try
(73:59 / All) HelloFlamechamp: You were stringing us along
(74:03 / All) HelloFlamechamp: Right?
(74:05 / All) MeNeFrego: ARe you a WOMAN
(74:10 / All) HelloFlamechamp: or a bear?
(74:13 / All) CatTheWicked: wwwwwwwwwooooooooooooowwwwwwwwwwwwwwwwwwwwwwww
(74:16 / All) MeNeFrego: OH BABY BABY
(74:23 / All) CatTheWicked: it took you almost 45 min to figure that out yellow
(74:24 / All) HelloFlamechamp: If you're a woman wanna cyber?
(74:28 / All) CatTheWicked: im impressed
(74:37 / All) HelloFlamechamp: I'm gay so I'm good at it since I only like men
(74:42 / All) MeNeFrego: Do you have a big gut or do you have good curves
(75:04 / All) CatTheWicked: you dont recall convos well do you..i told you my height and weight already
(75:12 / All) MeNeFrego: Yeah 140 could be good or bad
(75:15 / All) HelloFlamechamp: Yeah you are 15 stones
(75:21 / All) HelloFlamechamp: 140 is fat as shit for 5"1
(75:27 / All) CatTheWicked: lol
(75:31 / All) CatTheWicked: no teal its not
(75:42 / All) HelloFlamechamp: maybe not by American standards, you would blend in fine
(75:51 / All) HelloFlamechamp: although 300 lbs is the bare minimum, not 140
(75:52 / All) CatTheWicked: not by any standard
(76:10 / All) MeNeFrego: Why do you play Wow
(76:21 / All) CatTheWicked: i use to raid
(76:26 / All) MeNeFrego: That game is shit son
(76:31 / All) HelloFlamechamp: Yes it is lol
(76:34 / All) CatTheWicked: yellow
(76:35 / All) CatTheWicked: son
(76:36 / All) CatTheWicked: LOL
(76:38 / All) CatTheWicked: kill me
(76:44 / All) HelloFlamechamp: Sure, what time and place?
(76:57 / All) MeNeFrego: Orange do you like to be donkey punched
(77:01 / All) CatTheWicked: i have no boyfriend and yes my main is a healer
(77:04 / All) HelloFlamechamp: Many in WC3 have threatened to call the Mob over us stabbing them. Maybe we can ask them for their contacts
(77:11 / All) HelloFlamechamp: oh, no boyfriend? I guess all the boys know 140 is fat
(77:17 / All) CatTheWicked: no
(77:20 / All) CatTheWicked: i have a husband
(77:28 / All) HelloFlamechamp: He likes BBW?
(77:31 / All) MeNeFrego: Are you a evangelical
(77:42 / All) HelloFlamechamp: are you an atheist or a creationist?
(77:47 / All) HelloFlamechamp: or a theist, worst of all
(77:53 / All) CatTheWicked: lol
(78:00 / All) MeNeFrego: Is your husband your guild master
(78:05 / All) CatTheWicked: he wishes
(78:10 / All) MeNeFrego: Did you meet through WoW
(78:12 / All) HelloFlamechamp: he wishes you were a bbw?
(78:22 / All) HelloFlamechamp: does he prefer console games like Call of Duty?
(78:25 / All) MeNeFrego: Why does he let you be a slob
(78:33 / All) CatTheWicked: no he doesnt like any video games
(78:33 / All) MeNeFrego: Do you cook and clean at least
(78:35 / All) HelloFlamechamp: Yeah why didn't he punish you for going over 120lbs?
(78:44 / All) CatTheWicked: cause 140 is fine
(78:54 / All) HelloFlamechamp: Only in America where 300 lbs is fine, too
(79:02 / All) CatTheWicked: no 300 isnt fine
(79:04 / All) MeNeFrego: That's on chunky side unless you're built like a brickhouse
(79:11 / All) HelloFlamechamp: In America it is because it's the bare fucking minimum
(79:16 / All) CatTheWicked: i have a gym i go to
(79:24 / All) MeNeFrego: do you gain muscle mass
(79:25 / All) CatTheWicked: no 300 here is very unhealthy
(79:26 / All) MeNeFrego: that's gross
(79:31 / All) CatTheWicked: no
(79:32 / All) HelloFlamechamp: 300 lbs is regular American size
(79:38 / All) HelloFlamechamp: all Americans are obese fat fucks
(79:43 / All) MeNeFrego: are you a teen mom
(79:46 / All) CatTheWicked: its probly avg for ppl now a days but its still unhealthy
(79:54 / All) CatTheWicked: eeewww kids...
(80:11 / All) MeNeFrego: how old is your husband
(80:17 / All) HelloFlamechamp: Women's role is to reproduce as they are physically and intellectually inferior to men, with no notable accomplishments in
(80:18 / All) HelloFlamechamp: history.
(80:22 / All) HelloFlamechamp: You should want kids bad
(80:26 / All) HelloFlamechamp: or else you are useless
(80:38 / All) MeNeFrego: How did you meet your husband
(80:53 / All) CatTheWicked: phy. part you are correct about
(81:04 / All) CatTheWicked: the rest is tipical inscure little boy talk
(81:09 / All) HelloFlamechamp: I'm 22
(81:15 / All) CatTheWicked: like i said little boy
(81:24 / All) CatTheWicked: i met my husband through mutual friends of ours
(81:27 / All) HelloFlamechamp: Do you like little boys?
(81:33 / All) CatTheWicked: id be with one if i did
(81:35 / All) MeNeFrego: Does your husband not knock you around enough?|
(81:39 / All) MeNeFrego: You're awful insolent
(81:40 / All) CatTheWicked: L
(81:41 / All) CatTheWicked: O
(81:42 / All) CatTheWicked: L
(81:42 / All) HelloFlamechamp: Would you be into giving them candy?
(81:54 / All) CatTheWicked: i give out candy
(81:57 / All) CatTheWicked: every halloween
(82:00 / All) HelloFlamechamp: Do you bring all the boys to the yard?
(82:09 / All) MeNeFrego: Does your husband make you go on jogs
(82:11 / All) CatTheWicked: i dont give out mllkshakes sry
(82:20 / All) CatTheWicked: he cant make me do anything
(82:22 / All) HelloFlamechamp: Do you like taking milkshakes?
(82:31 / All) MeNeFrego: Did he not sign a prenup
(82:41 / All) MeNeFrego: did you let yourself go after you got married
(82:45 / All) HelloFlamechamp: Yes, especially if they're made with protein powder and lots of vegetables
(82:52 / All) CatTheWicked: good for you teal
(83:03 / All) HelloFlamechamp: If someone offers one even better. I don't understand why you wouldn't take milkshakes
(83:06 / All) MeNeFrego: milk is icky
(83:44 / All) MeNeFrego: Do you cook your man steak dinners?
(83:55 / All) CatTheWicked: when im not working
(83:55 / All) MeNeFrego: or do you plop in tv dinners for him?
(83:57 / All) HelloFlamechamp: Do you have any pets?
(84:00 / All) CatTheWicked: cats
(84:06 / All) MeNeFrego: How many
(84:09 / All) CatTheWicked: a few
(84:10 / All) HelloFlamechamp: How do you prepare them?
(84:16 / All) MeNeFrego: People that own cats are weirdos
(84:20 / All) CatTheWicked: depends on what he wants for dinner
(84:28 / All) HelloFlamechamp: How many cats do you go through for him?
(84:30 / All) CatTheWicked: like
(84:46 / All) CatTheWicked: tomorrow i will be slow cooking rips
(84:54 / All) CatTheWicked: with baked potatosand steamed veggies
(85:00 / All) CatTheWicked: and*
(85:01 / All) HelloFlamechamp: Potato sand?
(85:09 / All) HelloFlamechamp: Do they eat that in the US?
(85:25 / All) CatTheWicked: you're slow teal i corrected myself before you could say anything
(85:25 / All) MeNeFrego: I like the idaho instant potaters
(85:28 / All) CatTheWicked: move faster kiddo
(85:34 / All) MeNeFrego: I reckon they're pretty good mmhmm
(85:41 / All) CatTheWicked: not a fan of instant but idaho does do good potatos
(86:07 / All) HelloFlamechamp: welp I've mined out every gold mine now, I have 35,282 gold and 7,023 lumber
(86:14 / All) CatTheWicked: sweet
(86:24 / All) CatTheWicked: yellow has a little under 14k
(86:31 / All) MeNeFrego: Orange how many times have you cheated on your man
(86:48 / All) HelloFlamechamp: Does it hurt him if he doesn't know?
(87:01 / All) MeNeFrego: Orange why did the feminist cross the street?
(87:12 / All) MeNeFrego: to suck my dick!
(87:43 / All) CatTheWicked: no i dont cheat on my husband
(87:54 / All) HelloFlamechamp: That's what all whores think
(87:58 / All) HelloFlamechamp: What he doesn't know doesn't hurt him
(88:11 / All) MeNeFrego: What if a charming man that was more attractive than your husband offered you his services?
(88:18 / All) MeNeFrego: you wouldn't take him up on the offer?
(88:21 / All) MeNeFrego: I bet you would
(88:23 / All) HelloFlamechamp: What's your favourite sexual position?
(88:30 / All) CatTheWicked: no reason to yellow
(88:39 / All) CatTheWicked: ones that work
(88:49 / All) HelloFlamechamp: he does all the work so they all do for you
(89:04 / All) MeNeFrego: are you a dead fish in bed
(89:40 / All) CatTheWicked: umm sure
(89:53 / All) HelloFlamechamp: What's your favourite restaurant?
(90:21 / All) MeNeFrego: Orange are you an evangelical Christian
(90:26 / All) MeNeFrego: do you have church to attend tomorrow?
(90:42 / All) CatTheWicked: would i be up this late?
(90:55 / All) HelloFlamechamp: Probably
(91:01 / All) MeNeFrego: What's your favorite book orange
(91:11 / All) MeNeFrego: If I'm not mistaken you read BAD books
(92:01 / All) CatTheWicked: a good one
(92:07 / All) MeNeFrego: What is it called
(92:09 / All) HelloFlamechamp: What book is it?
(92:49 / All) MeNeFrego: Are you ashamed to admit your favorite book
(93:10 / All) HelloFlamechamp: Are you busy asking your husband for theurapetic advice?
(93:17 / All) HelloFlamechamp: Women's suffrage sure is bad today
(94:04 / All) CatTheWicked: no im watching some fake doc. about mermaids animal planet put out
(94:07 / All) MeNeFrego: I think Orange's favorite book has to do with understanding ghosts
(94:27 / All) MeNeFrego: She believes in ghosts she said that earlier
(94:38 / All) HelloFlamechamp: I remember that
(94:43 / All) HelloFlamechamp: and in haunted houses too
(94:52 / All) MeNeFrego: It's really silly that adults still believe in ghosts in this day and age
(95:10 / All) HelloFlamechamp: Scientists have proven it's just certain infrared levels, lemme try to grab the study
(95:29 / All) MeNeFrego: I'll prob not read it
(95:38 / All) CatTheWicked: ghosts are not real
(95:50 / All) MeNeFrego: Why are you changing your tune orange?
(95:51 / All) HelloFlamechamp: http://www.msnbc.msn.com/id/3077192/
(95:58 / All) MeNeFrego: earlier you were saying you believe in ghosts
(96:06 / All) MeNeFrego: and that your name is from a ghost book
(96:13 / All) MeNeFrego: cat the wicked ghost
(96:24 / All) MeNeFrego: or was it from a ghost you befriended?
(96:30 / All) HelloFlamechamp: http://www.sciencedaily.com/releases/2000/12/001201152406.html
(97:18 / All) CatTheWicked: no i said it was from a story
(97:32 / All) MeNeFrego: Orange do you not read books
(97:35 / All) HelloFlamechamp: What do you think of Mein Kampf?
(97:47 / All) CatTheWicked: i read lots of boos
(97:47 / All) MeNeFrego: Orange doesn't read books
(97:48 / All) CatTheWicked: books*
(97:52 / All) MeNeFrego: booooos
(97:53 / All) MeNeFrego: see
(97:54 / All) HelloFlamechamp: boos, proof she believeves in ghosts
(97:56 / All) MeNeFrego: you believe in ghosts
(98:00 / All) HelloFlamechamp: boooooOOoOoOoOoOoo!
(98:04 / All) CatTheWicked: slow yellow already corrected my self
(98:12 / All) MeNeFrego: You don't read any books
(98:17 / All) CatTheWicked: yes i read several
(98:20 / All) MeNeFrego: fantasy books and ghost stories don't count
(98:24 / All) CatTheWicked: and no there are no such things as ghosts
(98:25 / All) HelloFlamechamp: Those aren't real books
(98:32 / All) HelloFlamechamp: You read non-fiction or don't read at all
(98:50 / All) MeNeFrego: Please son, there's good fiction
(99:00 / All) MeNeFrego: Alice in Wonderland is the only worthwhile book ever written
(99:01 / All) HelloFlamechamp: Of course there is, but non-fiction is better
(99:08 / All) MeNeFrego: Save for Through the Looking Glass
(99:24 / All) MeNeFrego: Orange have you ever read Alice in Wonderland?
(99:26 / All) HelloFlamechamp: can't get authors like Nitzsche, Hegel, Engels, Marx, Hitler, etc in fiction
(99:33 / All) HelloFlamechamp: Rene Descartes
(99:35 / All) HelloFlamechamp: etc etc
(100:19 / All) HelloFlamechamp: What do you think of the Third Reich?
(100:36 / All) HelloFlamechamp: Do you know what it is?
(101:06 / All) CatTheWicked: sry this video is interesting
(101:09 / All) CatTheWicked: for a fake that is
(101:21 / All) MeNeFrego: You're probably leveling up in an RPG
(101:25 / All) HelloFlamechamp: Did you get around to watching his Ustream trolling video?
(101:31 / All) MeNeFrego: Does your husband pay for your video game addiction
(101:41 / All) HelloFlamechamp: What do you do for a living?
(103:03 / All) HelloFlamechamp: I shall end this at last if you speak not a whisper more
(103:40 / All) MeNeFrego: well that didn't end well